 Dungeon Crawl Stone Soup version 0.30-a0-368-g86fb4627a9 (webtiles) character file.

Game seed: 10751151755289931604

7427 kiwi3s the Severer (level 10, -5/100 HPs)
             Began as a Minotaur Berserker on Nov 18, 2022.
             Was a High Priest of Trog.
             Killed from afar by Lodul (17 damage)
             ... with a bolt of lightning
             ... on level 10 of the Dungeon.
             The game lasted 00:18:15 (9635 turns).

kiwi3s the Severer (Minotaur Berserker)             Turns: 9635, Time: 00:18:15

Health: -5/100     AC: 16    Str: 23    XL:     10   Next: 93%
Magic:  9/9        EV:  7    Int:  4    God:    Trog [*****.]
Gold:   559        SH:  0    Dex: 13    Spells: 9/9 levels left

rFire   . . .      SeeInvis .    E - +1 hand axe (vorpal)
rCold   . . .      Faith    .    (no shield)
rNeg    . . .      Spirit   .    c - +0 plate armour
rPois   .          Reflect  .    (helmet restricted)
rElec   .          Harm     .    (no cloak)
rCorr   .          Rampage  .    b - +0 pair of gloves
Will    .....                    (no boots)
Stlth   ..........               (no amulet)
HPRegen 0.36/turn                s - +4 ring of protection
MPRegen 0.11/turn                (no ring)

@: no status effects
A: horns 2, retaliatory headbutt
a: Renounce Religion, Berserk, Trog's Hand, Brothers in Arms


You were on level 10 of the Dungeon.
You worshipped Trog.
Trog was extremely pleased with you.
You visited 2 branches of the dungeon, and saw 11 of its levels.

You collected 559 gold pieces.

Inventory:

Hand Weapons
 j - a +0 vorpal hand crossbow
 E - a +1 vorpal hand axe (weapon)
Missiles
 J - 2 boomerangs (quivered)
 L - 2 throwing nets
Armour
 b - a +0 pair of gloves (worn)
 c - a +0 plate armour (worn)
 F - +0 fire dragon scales
 H - +0 steam dragon scales
Jewellery
 n - an amulet of magic regeneration
 p - a ring of flight
 s - a +4 ring of protection (left hand)
 D - a ring of protection from fire
 I - an amulet of the acrobat
 K - an amulet of faith
 M - a ring of ice
Wands
 u - a wand of paralysis (20)
 w - a wand of mindburst (27)
 A - a wand of iceblast (11)
 B - a wand of quicksilver (4)
Scrolls
 e - 8 scrolls of identify {unknown}
 h - 4 scrolls of teleportation
 i - a scroll of enchant weapon {unknown}
 l - a scroll of summoning {unknown}
 m - 2 scrolls of magic mapping {unknown}
 q - a scroll of enchant armour {unknown}
 r - 3 scrolls of torment {unknown}
 t - a scroll of silence {unknown}
 v - a scroll of vulnerability {unknown}
 y - 3 scrolls of noise {unknown}
 G - 2 scrolls of brand weapon {unknown}
 N - a scroll of amnesia {unknown}
Potions
 a - a potion of mutation {unknown}
 d - 3 potions of heal wounds {unknown}
 f - 3 potions of haste
 g - a potion of berserk rage {unknown}
 k - a potion of curing
 o - 2 potions of attraction {unknown}
 x - a potion of cancellation {unknown}
 z - 2 potions of lignification {unknown}
 C - 2 potions of might


   Skills:
 + Level 12.8 Fighting
 - Level 15.9 Axes
 - Level 2.4 Armour
 - Level 2.1 Dodging


You had 9 spell levels left.
You didn't know any spells.
Your spell library was empty.

Dungeon Overview and Level Annotations

Branches:
Dungeon (10/15)            Temple (1/1) D:5
   Lair: D:8-11         Orc: D:9-12

Altars:
Ashenzari
Cheibriados
Dithmenos
Elyvilon
Fedhas
Gozag
Kikubaaqudgha
Makhleb
Nemelex Xobeh
Okawaru
Qazlal
Ru
Sif Muna
Trog
Uskayaw
Vehumet
Wu Jian
Xom
Yredelemnul
Zin
The Shining One

Shops:
D:5 [   D:8 *

Annotations:
D:10 exclusion: obsidian statue, Lodul


Innate Abilities, Weirdness & Mutations

You have a pair of horns on your head.
You reflexively headbutt those who attack you in melee.


Message History

An ogre comes into view. It is wielding a +0 giant club. x2
An ogre comes into view. It is wielding a +0 giant club.
The ogre shouts! x2
Lodul the Thundrous comes into view.
He is wielding a +0 dire flail.
The ogre moves out of view.
An ogre comes into view. It is wielding a +0 giant club.
The ogre shouts! x2
The ogre barely misses you.
An ogre comes into view. It is wielding a +0 giant club.
The ogre moves out of view.
The ogre attacks as you move away! The ogre hits you with a +0 giant club!
The ogre shouts!
Electricity crackles from Lodul's apparatus.
The bolt of lightning misses you. The ogre attacks as you move away!
The ogre hits you with a +0 giant spiked club!
The ogre attacks as you move away! The ogre hits you with a +0 giant club!
Electricity crackles from Lodul's apparatus.
The bolt of lightning hits you!!
There is an open gate here.
As you close the gate, it creaks loudly!
An ogre opens the gate.
There is an open gate here.
The ogre attacks as you move away! The ogre hits you with a +0 giant club!
* * * LOW HITPOINT WARNING * * *
The ogre attacks as you move away! The ogre barely misses you.
The ogre attacks as you move away!
The ogre hits you with a +0 giant spiked club!!
* * * LOW HITPOINT WARNING * * *
Okay, then.
You feel better.
Electricity crackles from Lodul's apparatus.
The bolt of lightning hits you!
* * * LOW HITPOINT WARNING * * *
You feel better.
The ogre hits you with a +0 giant spiked club!
* * * LOW HITPOINT WARNING * * *
Electricity crackles from Lodul's apparatus.
The bolt of lightning hits you!
You die...

###'''###.O.O........
###...O.#####....#####
#.......O.###.##.#
#...........##....####
#......#......#####...#
.....#####..O..## #...#
....#######O....###.#.#
# ...###
####OOO.###...# .#.
..###
####@...##...###... ##
###....'..##......
###...'...#.....#
###....'.#'#...... ###
####....#....# ..###
####....#####.#
...#######.....##....##
....#####.....####....#
......#......##..#.##.#


You could see Lodul and 6 ogres.

Vanquished Creatures
  Pikel (D:4)
  Joseph (D:8)
  Maggie (D:6)
  Grinder (D:3)
  Prince Ribbit (D:8)
  Sigmund (D:4)
  A wyvern (D:8)
  A wraith (D:9)
  A steam dragon (D:9)
  6 yaks (D:8)
  Edmund (D:6)
  Menkaure (D:6)
  2 water moccasins
  6 orc warriors
  2 sky beasts (D:7)
  2 black bears
  2 ogres
  A centaur (D:5)
  2 phantoms
  A kobold brigand (D:8)
  A necrophage (D:6)
  5 scorpions
  6 bullfrogs
  4 wights (D:6)
  6 killer bees (D:9)
  2 bullfrog skeletons (D:3)
  3 hounds (D:5)
  8 orc priests
  3 jellies
  3 gnoll boudas
  Ijyb (D:4)
  Natasha (thrice) (D:3)
  5 iguanas
  19 orc wizards
  The ghost of olddryhag the Poker, a weakling DsGl (D:3)
  13 gnolls
  3 adders
  A shadow imp (D:7)
  A white imp (D:7)
  An ufetubus (D:6)
  2 worms
  3 dart slugs
  38 orcs
  8 endoplasms
  3 giant cockroaches
  7 goblins
  8 hobgoblins
  2 jackals (D:1)
  2 quokkas
  A ball python (D:4)
  6 bats
  11 kobolds
  3 rats
218 creatures vanquished.

Notes
Turn   | Place    | Note
-------+----------+-------------------------------------------
     0 | D:1      | kiwi3s the Minotaur Berserker began the quest for the Orb.
     0 | D:1      | Reached XP level 1. HP: 19/19 MP: 0/0
    92 | D:1      | Reached skill level 4 in Axes
   232 | D:1      | Reached XP level 2. HP: 24/26 MP: 1/1
   767 | D:2      | Noticed a phantom
   769 | D:2      | Reached skill level 5 in Axes
   785 | D:2      | Killed a phantom
   786 | D:2      | Reached skill level 6 in Axes
   786 | D:2      | Reached XP level 3. HP: 27/31 MP: 2/2
   786 | D:2      | Reached XP level 4. HP: 34/39 MP: 3/3
   983 | D:2      | Reached ** piety under Trog
  1481 | D:3      | Noticed Grinder
  1481 | D:3      | Paralysed by Grinder for 2 turns
  1496 | D:3      | Paralysed by Grinder for 2 turns
  1507 | D:3      | Paralysed by Grinder for 2 turns
  1510 | D:3      | Killed Grinder
  1511 | D:3      | Reached skill level 8 in Axes
  1511 | D:3      | Reached XP level 5. HP: 30/45 MP: 4/4
  1511 | D:3      | Reached XP level 6. HP: 34/51 MP: 5/5
  1586 | D:3      | Found a transporter.
  1588 | D:3      | Noticed olddryhag's ghost (weakling DsGl)
  1593 | D:3      | Found a transporter.
  1772 | D:3      | Noticed Natasha
  1785 | D:3      | Killed Natasha
  1899 | D:3      | Found a stormy altar of Qazlal.
  2045 | D:3      | Noticed Natasha
  2059 | D:3      | Reached skill level 9 in Axes
  2065 | D:3      | Killed olddryhag's ghost
  2432 | D:4      | Reached XP level 7. HP: 46/57 MP: 6/6
  2493 | D:4      | Noticed Ijyb
  2504 | D:4      | Killed Ijyb
  2812 | D:4      | Noticed Sigmund
  2814 | D:4      | Noticed Pikel
  2915 | D:3      | Killed Natasha
  2916 | D:3      | Reached skill level 10 in Axes
  2944 | D:3      | Noticed Natasha
  2955 | D:3      | Killed Natasha
  2980 | D:4      | Killed Sigmund
  2987 | D:4      | Killed Pikel
  2988 | D:4      | Reached skill level 12 in Axes
  2988 | D:4      | Reached XP level 8. HP: 64/64 MP: 7/7
  3472 | D:5      | Entered Level 5 of the Dungeon
  3472 | D:5      | Found Efucugedd's Antique Armour Shoppe.
  3513 | D:5      | Reached skill level 13 in Axes
  3601 | D:5      | Found a staircase to the Ecumenical Temple.
  3619 | D:5      | Reached *** piety under Trog
  3627 | Temple   | Entered the Ecumenical Temple
  4151 | D:5      | Reached skill level 14 in Axes
  4303 | D:5      | Found a bloodstained altar of Trog.
  4305 | D:5      | Reached XP level 9. HP: 70/70 MP: 8/8
  4317 | D:5      | Found a broken altar of Ashenzari.
  4765 | D:6      | Identified the +8 chain mail of the First Snow {-Tele rF++}
  4817 | D:6      | HP: 3/70 [orc priest/divine providence (11)]
  4886 | D:6      | Reached skill level 15 in Axes
  4960 | D:6      | Found a blossoming altar of Fedhas.
  5154 | D:6      | Found a white marble altar of Elyvilon.
  5216 | D:6      | Reached **** piety under Trog
  5471 | D:6      | Noticed Edmund
  5481 | D:6      | Killed Edmund
  5720 | D:6      | Noticed Menkaure
  5728 | D:6      | Killed Menkaure
  5816 | D:6      | Noticed Maggie
  5823 | D:6      | HP: 1/70 [necrophage (6)]
  6100 | D:6      | Killed Maggie
  6101 | D:6      | Reached skill level 5 in Fighting
  6773 | D:7      | Identified the +1 cloak of Purpose {rF- Will+ Str+2}
  6784 | D:7      | Found a shimmering blue altar of Sif Muna.
  6925 | D:7      | Reached XP level 10. HP: 85/86 MP: 9/9
  7199 | D:8      | Noticed Prince Ribbit
  7207 | D:8      | Killed Prince Ribbit
  7386 | D:8      | Reached skill level 10 in Fighting
  7867 | D:8      | Found Qunod's Overcharged Wands.
  8153 | D:8      | Noticed Joseph
  8165 | D:8      | Killed Joseph
  8682 | D:9      | Reached ***** piety under Trog
  9163 | D:10     | Entered Level 10 of the Dungeon
  9175 | D:10     | Noticed an obsidian statue
  9610 | D:10     | Noticed Lodul
  9635 | D:10     | Killed from afar by Lodul

Illustrated notes

Levels and vault maps discovered:
D:1:      dpeg_arrival_round_a, layout_loops_ring
D:2:      layout_basic
D:3:      layout_basic, grunt_qazlal_clouds, gammafunk_ghost_mausoleum,
          uniq_natasha, uniq_grinder
D:4:      layout_cave_pods, uniq_ijyb, uniq_sigmund, uniq_pikel
D:5:      minmay_bubble_buster, layout_basic, mainiacjoe_overflow_swirl,
          minmay_temple_entry_hall, serial_shops, shop
D:6:      layout_basic, mainiacjoe_overflow_concentric_impassable,
          mainiacjoe_overflow_boulevard, nicolae_ossuary_entry_ruins,
          nicolae_elevator_lobby_plus, uniq_maggie, uniq_edmund, uniq_menkaure,
          uniq_duvessa
D:7:      layout_rooms, lemuel_blue_sif_altar
D:8:      layout_loops_ring, nicolae_shop_overcharged_wands,
          uniq_prince_ribbit1, uniq_joseph
D:9:      layout_small_grid, minmay_misc_feat_enclosed
D:10:     minmay_stone_box, layout_stronghold,
          mainiacjoe_overflow_six_doors_small, minivault_16, kennysheep_donut,
          billiards_dpeg, uniq_lodul
Temple:   hellmonk_temple_of_storms

Skill      XL: |  1  2  3  4  5  6  7  8  9 10 |
---------------+-------------------------------+-----
Axes           | 4 6 8 9 12 14 15 | 15.9
Fighting       | 7 12 | 12.8
Armour         | |  2.4
Dodging        | |  2.1

Action                   |  1- 3 |  4- 6 |  7- 9 | 10-12 || total
-------------------------+-------+-------+-------+-------++-------
Melee: Hand axe          |    60 |   114 |   339 |   273 ||   786
       Headbutt          |     4 |    19 |    71 |    57 ||   151
       Punch             |     1 |     3 |     3 |     6 ||    13
Invok: Berserk           |       |     1 |     4 |     3 ||     8
       Trog's Hand       |       |       |     1 |     1 ||     2
  Use: Potion            |       |       |     7 |     3 ||    10
       Scroll            |       |       |     1 |       ||     1
Armor: Plate armour      |    34 |    58 |   114 |   146 ||   352
       Fire dragon scale |       |       |     3 |       ||     3
Dodge: Dodged            |    14 |    29 |    84 |    58 ||   185

Table legend: (Time is in decaauts)
 A = Elapsed time spent in this place.
 B = Non-inter-level travel time spent in this place.
 C = Inter-level travel time spent in this place.
 D = Time resting spent in this place.
 E = Time spent auto-exploring this place.
 F = Levels seen in this place.
 G = Mean time per level.
                   A        B        C        D        E       F      G
               +--------+--------+--------+--------+--------+-----+--------+
         Total |   9457 |   9127 |    330 |   1148 |   6580 |  11 |  859.7 |
       Dungeon |   9411 |   9090 |    321 |   1148 |   6558 |  10 |  941.1 |
        Temple |     45 |     36 |      9 |      0 |     22 |   1 |   45.0 |
               +--------+--------+--------+--------+--------+-----+--------+

Top non-repeatable levels by time:
     D:6: 1651 daAuts
     D:4: 1190 daAuts
     D:5: 1159 daAuts
     D:8: 1113 daAuts
     D:3: 854 daAuts
     D:9: 784 daAuts
     D:1: 769 daAuts
     D:7: 752 daAuts
     D:2: 667 daAuts
    D:10: 468 daAuts
  Temple: 45 daAuts
